Map: [ESL] Data-C

Players

PiG - Winner!

  • Race: Terran Terran
  • League: Grandmaster
  • Spawn Location: 3:00

Relm

  • Race: Terran Terran
  • League: Silver
  • Spawn Location: 9:00

VOD

https://www.youtube.com/watch?v=J2pIZNCtIis

Description

Time

  • Played on: July 12, 2022, 7:03 p.m.
  • Length: 8:17
Show
View Real Time Build Order
Export as new Build Order

PiG Terran - Winner!

Build Orders:  

Get SALT Encoding   

  12  0:00  SCV  
  13  0:12  SCV  
  14  0:18  Supply Depot  
  14  0:25  SCV  
  15  0:40  Barracks, SCV  
  16  0:45  Refinery  
  16  0:52  SCV  
  17  1:04  SCV  
  18  1:16  SCV  
  19  1:28  Orbital Command, Barracks Reactor  
  19  1:42  Command Center  
  19  1:54  Supply Depot  
  19  1:57  SCV  
  20  2:09  Marine x2  
  22  2:18  SCV  
  23  2:27  Marine x2  
  25  2:30  SCV  
  26  2:38  Factory  
  26  2:41  Barracks  
  26  2:42  Refinery, SCV  
  27  2:50  Marine x2  
  29  2:54  SCV  
  30  2:59  Orbital Command  
  30  3:06  SCV  
  31  3:15  Marine x2  
  33  3:21  Factory Tech Lab  
  33  3:23  SCV  
  33  3:27  SCV  
  35  3:30  Barracks Tech Lab  
  35  3:35  SCV  
  35  3:39  SCV  
  37  3:45  Supply Depot  
  37  3:46  Siege Tank  
  37  3:47  Marine x2  
  42  3:49  Marine  
  42  3:50  SCV  
  42  3:51  SCV  
  42  3:55  Supply Depot  
  45  3:58  Combat Shield  
  45  4:02  SCV  
  46  4:07  SCV  
  46  4:09  Supply Depot  
  47  4:12  Marine x2  
  47  4:16  SCV  
  50  4:19  SCV, Siege Tank  
  54  4:26  Marine  
  54  4:28  SCV  
  54  4:30  Marine x2  
  58  4:31  SCV  
  59  4:38  Supply Depot  
  59  4:40  SCV  
  59  4:44  Marine  
  59  4:45  Barracks, Starport  
  61  4:48  SCV  
  61  4:51  Refinery  
  61  4:52  SCV, Marine x2  
  65  4:53  Siege Tank  
  68  5:01  Supply Depot  
  68  5:02  SCV, Marine  
  68  5:04  SCV  
  71  5:09  Marine  
  72  5:20  Marine x2  
  74  5:22  Stimpack  
  74  5:23  Starport Reactor  
  74  5:25  Siege Tank  
  74  5:27  Marine  
  78  5:28  Supply Depot  
  78  5:29  Supply Depot  
  78  5:32  Barracks Reactor  
  78  5:38  Marine x2  
  78  5:42  Barracks  
  80  5:43  Barracks  
  80  5:45  Marine  
  81  5:56  Marine x2  
  83  5:57  Siege Tank, Supply Depot x2  
  83  6:01  Medivac  
  83  6:03  Marine  
  89  6:09  Medivac  
  91  6:14  Marine x2  
  93  6:20  SCV, Supply Depot x2  
  93  6:21  Marine x3  
  97  6:29  Siege Tank  
  97  6:32  Marine x2  
  102  6:33  Medivac  
  102  6:34  Marine x2  
  102  6:39  Marine x3  
  109  6:49  Marine  
  109  6:50  Marine  
  109  6:52  Marine x2  
  113  6:55  Supply Depot  
  113  6:56  Marine  
  113  6:57  Supply Depot, Marine x2  
  116  7:01  Siege Tank  
  116  7:07  Marine x2  
  121  7:10  Marine x2  
  121  7:12  Medivac  
  121  7:14  Marine  
  121  7:15  Marine x2  
  128  7:25  Marine x2  
  128  7:27  Marine  
  128  7:28  Marine  
  132  7:32  Marine  
  132  7:33  Marine x2  
  135  7:43  Marine x2  
  137  7:45  Marine  
  137  7:46  Marine  
  137  7:50  Marine x2  
  137  7:51  Marine  
Show
View Real Time Build Order
Export as new Build Order

Relm Terran 

Build Orders:  

Get SALT Encoding   

  12  0:00  SCV  
  13  0:12  SCV  
  14  0:19  Supply Depot  
  14  0:25  SCV  
  15  0:40  SCV  
  16  0:43  Barracks  
  16  0:47  Refinery  
  16  0:54  SCV  
  17  1:06  SCV  
  18  1:21  SCV, Supply Depot  
  19  1:31  Barracks Reactor  
  19  1:40  Orbital Command  
  19  2:00  Command Center  
  19  2:06  Marine x2  
  21  2:20  SCV  
  22  2:24  Marine x2  
  24  2:32  SCV  
  24  2:36  Factory  
  25  2:42  Marine  
  26  2:44  Barracks  
  26  2:47  SCV  
  27  2:53  Marine  
  28  3:00  SCV, Marine  
  30  3:11  Marine  
  31  3:13  SCV  
  31  3:15  Orbital Command  
  31  3:18  Marine  
  33  3:22  Supply Depot  
  33  3:25  SCV  
  34  3:29  Marine  
  34  3:32  Factory Tech Lab  
  35  3:35  Barracks Tech Lab, Marine  
  35  3:37  SCV  
  37  3:42  Refinery  
  37  3:44  SCV  
  38  3:49  SCV, Marine  
  38  3:53  Marine  
  41  3:56  SCV  
  41  3:57  Siege Tank  
  45  4:03  Engineering Bay  
  45  4:07  Supply Depot  
  45  4:13  SCV  
  45  4:15  SCV  
  45  4:16  Marine  
  48  4:18  Marine  
  48  4:19  Marine  
  48  4:23  Combat Shield  
  50  4:25  SCV  
  50  4:27  SCV  
  52  4:37  SCV  
  53  4:39  SCV  
  53  4:42  Siege Tank  
  53  4:44  Marine  
  53  4:45  Marine x2  
  59  4:51  Starport  
  60  4:55  Barracks  
  60  4:59  SCV  
  61  5:01  Marine  
  62  5:11  Supply Depot  
  62  5:12  Supply Depot  
  62  5:18  SCV, Marine x2  
  65  5:27  Marine  
  66  5:30  Siege Tank  
  66  5:32  SCV  
  70  5:36  Marine x2  
  70  5:37  Refinery  
  70  5:42  Supply Depot  
  72  5:45  Marine  
  72  5:47  Starport Reactor  
  72  5:49  Barracks Reactor  
  73  5:54  Marine  
  73  5:55  Marine  
  75  6:02  Siege Tank  
  75  6:03  Marine, Stimpack  
  79  6:09  Supply Depot  
  79  6:11  Marine  
  79  6:13  Marine  
  81  6:21  Marine  
  82  6:29  Marine  
  82  6:31  Medivac, Marine  
  86  6:34  SCV, Siege Tank  
  86  6:35  Refinery  
  86  6:38  SCV  
  86  6:39  Marine  
  92  6:46  Marine x2  
  92  6:47  SCV, Marine  
  95  6:49  Medivac, Marine  
  95  6:50  SCV  
  100  6:56  Marine  
  100  6:59  SCV  
  102  7:18  Supply Depot  
  102  7:19  Supply Depot  
  102  7:22  Supply Depot  
  102  7:39  Medivac, SCV, Marine x5  
  102  7:40  SCV, Medivac  
  100  7:57  Marine x5  
Tags
 
Add a new tag
Caveats
  • Supply blocks, unpowered buildings, or Contaminate may cause inaccurate times.
  • Supply counts are checked every 10 seconds.